 Dungeon Crawl Stone Soup version 0.28-a0-194-g42b4daccc1 (webtiles) character file.

Game seed: 16380779884441846342

215 bande the Covered (level 5, -2/33 HPs)
             Began as a Gargoyle Fighter on Aug 18, 2021.
             Killed by divine providence
             ... invoked by an orc priest
              (10 damage)
             ... on level 4 of the Dungeon.
             The game lasted 00:06:25 (3458 turns).

bande the Covered (Gargoyle Fighter)                Turns: 3458, Time: 00:06:25

Health: -2/33      AC: 13    Str: 19    XL:     5   Next: 92%
Magic:  0/16       EV:  5    Int:  9    God:
Gold:   200        SH:  8    Dex: 10    Spells: 7/7 levels left

rFire   + . .      SeeInvis .   m - +0 hand axe (freeze)
rCold   . . .      Faith    .   c - +0 kite shield
rNeg    + . .      Spirit   +   i - +0 chain mail
rPois   ∞          Reflect  .   (no helmet)
rElec   +          Harm     .   (no cloak)
rCorr   .          Rampage  .   (no gloves)
Will    .....                   (no boots)
Stlth   ..........              e - amulet of guardian spirit
HPRegen 0.11/turn               q - ring of magical power
MPRegen 0.15/turn               t - ring of protection from fire

@: no status effects
A: sickness immunity, AC +4, negative energy resistance 1, electricity
resistance, torment resistance 1, petrification resistance
a: no special abilities


You were on level 4 of the Dungeon.
You visited 1 branch of the dungeon, and saw 4 of its levels.

You collected 200 gold pieces.

Inventory:

Hand Weapons
 a - a +1 war axe
 m - a +0 hand axe of freezing (weapon)
 r - a +1 mace of venom
Armour
 c - a +0 kite shield (worn)
 i - a +0 chain mail (worn)
Jewellery
 e - an amulet of guardian spirit (around neck)
 h - a ring of resist corrosion
 o - a ring of flight
 q - a ring of magical power (left hand)
 s - a ring of see invisible
 t - a ring of protection from fire (right hand)
Scrolls
 f - 3 scrolls of teleportation
 j - a scroll of summoning
 k - a scroll of blinking
Potions
 b - a potion of flight
 d - a potion of might
 g - 2 potions of curing
 p - 2 potions of heal wounds


   Skills:
 + Level 3.8 Fighting
 + Level 3.2 Axes
 + Level 4.1 Armour
 + Level 1.3 Dodging
 + Level 4.0 Shields
 * Level 1.9 Spellcasting


You had 7 spell levels left.
You didn't know any spells.
Your spell library contained the following spells:

 Spells                   Type           Power      Damage    Failure   Level
 Ensorcelled Hibernation  Hex/Ice        0%         N/A       100%        2
 Gell's Gravitas          Tloc           0%         N/A       100%        3
 Spider Form              Tmut/Pois      0%         N/A       100%        3
 Teleport Other           Tloc           0%         N/A       100%        3
 Dispersal                Tloc           0%         N/A       100%        6
 Shadow Creatures         Summ           N/A        N/A       100%        6


Dungeon Overview and Level Annotations

Branches:
Dungeon (4/15)
 Temple: D:4-7

Altars:


Innate Abilities, Weirdness & Mutations

You are immune to sickness and miasma.
Your stone body is resilient. (AC +4)
You are immune to poison.
You resist negative energy. (rN+)
You are resistant to electric shocks. (rElec)
You are resistant to unholy torment.
You are immune to petrification.


Message History

You closely miss the orc wizard. You hit the orc. You freeze the orc.
You kill the orc!
You hit the orc priest but do no damage.
The adder skeleton barely misses you. The orc hits you but does no damage.
The orc priest invokes the aid of Beogh against you.
You barely resist.
The orc wizard hits you but does no damage.
The adder skeleton barely misses you. The orc barely misses you.
The orc priest calls down the wrath of Beogh upon you.
Pain shoots through your body! The orc wizard completely misses you.
You block the orc's attack.
The adder skeleton completely misses you.
The orc barely misses you.
The orc priest invokes the aid of Beogh against you.
Pain shoots through your body! The orc wizard barely misses you.
You block the orc's attack.
Things that are here:
a +0 club; an orc corpse You hit the orc.
You freeze the orc.
The orc is moderately wounded.
You hit the adder skeleton. You hit the orc wizard. You freeze the orc wizard.
You kill the orc wizard!
You hit the orc. You freeze the orc. You closely miss the orc priest.
The adder skeleton bites you but does no damage.
The orc hits you but does no damage.
The orc priest invokes the aid of Beogh against you.
Beogh smites you!
* * * LOW HITPOINT WARNING * * *
The orc barely misses you.
The adder skeleton bites you but does no damage.
Your Shields skill increases to level 4!
You hit the orc priest but do no damage.
The orc priest is moderately wounded.
You closely miss the orc. You hit the adder skeleton. You hit the orc.
You freeze the orc. The orc hits you but does no damage.
You block the orc priest's attack. The orc hits you but does no damage.
The adder skeleton barely misses you. You block the orc's attack.
The orc priest invokes the aid of Beogh against you.
Beogh smites you!
You die...

......#
..................#
#######
.......[....[.....#
..........#########
..........#
##.##.....# #.
##....##### .
#().......
#o.)......
#o@Z.......
#.o........
#...........
.............
###..........
.......###.
##......# #......#


You could see an orc priest, 2 orcs and an adder skeleton.

Vanquished Creatures
  An orc priest (D:4)
  An iguana (D:3)
  An orc wizard (D:4)
  2 adders
  A gnoll (D:1)
  A worm (D:3)
  3 dart slugs
  6 orcs
  7 ball pythons
  6 endoplasms
  10 giant cockroaches
  9 hobgoblins
  3 jackals (D:2)
  4 quokkas
  10 bats
  6 frilled lizards
  8 goblins
  6 kobolds
  5 rats
90 creatures vanquished.

Notes
Turn   | Place    | Note
-------+----------+-------------------------------------------
     0 | D:1      | bande the Gargoyle Fighter began the quest for the Orb.
     0 | D:1      | Reached XP level 1. HP: 14/14 MP: 1/1
   218 | D:1      | Reached XP level 2. HP: 17/19 MP: 2/2
   672 | D:1      | You fall into a shaft and drop 1 floor!
   699 | D:2      | Reached skill level 1 in Dodging
   699 | D:2      | Reached XP level 3. HP: 23/23 MP: 3/3
  1459 | D:1      | Reached XP level 4. HP: 28/28 MP: 5/5
  2008 | D:2      | Reached skill level 1 in Spellcasting
  2655 | D:3      | Reached XP level 5. HP: 32/33 MP: 5/7
  3458 | D:4      | Killed from afar by an orc priest

Illustrated notes

Levels and vault maps discovered:
D:1:      shiori_arrival_maze, layout_basic, corner_web_ring
D:2:      layout_loops_ring
D:3:      minmay_razor_zed, layout_rooms
D:4:      layout_basic, minmay_checkerbox

Skill      XL: |  1  2  3  4  5 |
---------------+----------------+-----
Axes           | 2 3 |  3.2
Dodging        | 1 |  1.3
Spellcasting   | 1 |  1.9
Armour         | 4 |  4.1
Shields        | 4 |  4.0
Fighting       | |  3.8

Action                   |  1- 3 |  4- 6 || total
-------------------------+-------+-------++-------
Melee: War axe           |   119 |   144 ||   263
       Hand axe          |       |     7 ||     7
  Use: Potion            |     3 |       ||     3
       Scroll            |     1 |     9 ||    10
Armor: Scale mail        |    90 |       ||    90
       Chain mail        |       |   104 ||   104
Dodge: Dodged            |    48 |    60 ||   108
Block: Kite shield       |    80 |    84 ||   164

Table legend: (Time is in decaauts)
 A = Elapsed time spent in this place.
 B = Non-inter-level travel time spent in this place.
 C = Inter-level travel time spent in this place.
 D = Time resting spent in this place.
 E = Time spent auto-exploring this place.
 F = Levels seen in this place.
 G = Mean time per level.
                   A        B        C        D        E       F      G
               +--------+--------+--------+--------+--------+-----+--------+
         Total |   3603 |   3578 |     25 |    328 |   2401 |   4 |  900.8 |
       Dungeon |   3603 |   3578 |     25 |    328 |   2401 |   4 |  900.8 |
               +--------+--------+--------+--------+--------+-----+--------+

Top non-repeatable levels by time:
     D:1: 1384 daAuts
     D:2: 1001 daAuts
     D:3: 808 daAuts
     D:4: 408 daAuts
